 Dungeon Crawl Stone Soup version 0.20.1-1-g8b1a95d (webtiles) character file.

234 equalderp2856 the Skirmisher (level 5, -6/42 HPs)
             Began as a Mummy Fighter on Oct 23, 2017.
             Mangled by an ogre
             ... wielding a +0 giant club
              (23 damage)
             ... on level 4 of the Dungeon.
             The game lasted 00:02:20 (1682 turns).

equalderp2856 the Skirmisher (Mummy Fighter)        Turns: 1682, Time: 00:02:20

Health: -6/42      AC: 12    Str: 19    XL:     5   Next: 75%
Magic:  5/5        EV:  3    Int:  9    God:
Gold:   100        SH:  9    Dex: 11    Spells: 4/4 levels left

rFire    x . .     SeeInvis .   a - +0 war axe
rCold    + . .     Gourm    .   c - +0 shield
rNeg     + + +     Faith    .   l - +0 plate armour
rPois    ∞         Spirit   .   (no helmet)
rElec    .         Reflect  .   (no cloak)
rCorr    .         Harm     .   i - +0 pair of gloves
MR       .....                  (no boots)
Stlth    ..........             (no amulet)
Regen    0.2/turn               f - ring of loudness (curse)
MPRegen  0.1/turn               (no ring)

@: no status effects
A: no food or potions, fire vulnerability, cold resistance 1, negative energy
resistance 3, torment resistance, unbreathing
a: no special abilities


You were on level 4 of the Dungeon.
You were not hungry.

You visited 1 branch of the dungeon, and saw 4 of its levels.

You collected 100 gold pieces.

Inventory:

Hand Weapons
 a - a +0 war axe (weapon)
Armour
 b - a +0 scale mail
 c - a +0 shield (worn)
 i - a +0 pair of gloves (worn)
 l - a +0 plate armour (worn)
Jewellery
 f - a cursed ring of loudness (left hand)
Wands
 k - a wand of lightning (0/15)
Scrolls
 d - a scroll of teleportation {unknown}
 e - a scroll of noise {unknown}
 g - a scroll of remove curse {unknown}
 h - a scroll of enchant weapon {unknown}
 j - a scroll of identify {unknown}


   Skills:
 + Level 3.8 Fighting
 + Level 3.4 Axes
 + Level 3.1 Armour
 + Level 1.1 Dodging
 + Level 3.0 Shields


You had 4 spell levels left.
You didn't know any spells.

Dungeon Overview and Level Annotations

Branches:
Dungeon (4/15)
 Temple: D:4-7

Altars:
Hepliaklqana

Annotations:
D:3 Robin


Innate Abilities, Weirdness & Mutations

You do not eat or drink.
Your flesh is vulnerable to fire.
You are immune to poison.
Your flesh is cold resistant. (rC+)
You are immune to negative energy. (rN+++)
You are immune to unholy pain and torment.
You can survive without breathing.


Message History

The ogre is heavily wounded.
Evoking this partially-identified wand wasted a few charges.
You block the ogre's attack.
Evoke which item? (* to show all) (? for menu, Esc to quit)
Aiming: Lightning Bolt (will waste charges)
Press: ? - help, Shift-Dir - straight line Nothing appears to happen.
You block the ogre's attack.
Evoke which item? (* to show all) (? for menu, Esc to quit)
Okay, then.
You slash the ogre!
The ogre is almost dead.
You block the ogre's attack.
Your plate armour prevents you from hitting the ogre.
The ogre is almost dead.
The ogre hits you with a giant club.
You hit the ogre.
The ogre is almost dead.
The ogre hits you with a giant club!!
Ouch! That really hurt!
You die...

#.# #.# #.# #.#
#.# #.### #[..#
###O##.# #@##.#
#.#.##.# #.##.#
#.#.##.# #.##.#
#.#[##.# #.##.#
#.#.##.# #.##.#
#.#.##.# #.##.#
#.#.##.#
#.##.###.#.##.#
#.##...†......####
#................#


You could see an ogre.

Vanquished Creatures
  A scorpion (D:4)
  2 orc priests (D:4)
  Natasha (D:4)
  An orc wizard (D:4)
  An adder (D:2)
  3 worms
  A dart slug (D:2)
  2 leopard geckos
  7 bats
  8 goblins
  6 hobgoblins
  3 jackals (D:1)
  7 kobolds
  2 quokkas
  2 ball pythons
  4 frilled lizards
  A leopard gecko skeleton (D:4)
  2 rats
54 creatures vanquished.

Notes
Turn   | Place    | Note
-------+----------+-------------------------------------------
     0 | D:1      | equalderp2856 the Mummy Fighter began the quest for the Orb.
     0 | D:1      | Reached XP level 1. HP: 18/18 MP: 1/1
    46 | D:1      | Reached XP level 2. HP: 21/24 MP: 2/2
   568 | D:2      | Reached XP level 3. HP: 29/29 MP: 3/3
   859 | D:2      | Found a hazy altar of Hepliaklqana.
  1293 | D:3      | Noticed Robin
  1294 | D:3      | Reached XP level 4. HP: 28/35 MP: 4/4
  1318 | D:4      | Noticed Natasha
  1366 | D:4      | Killed Natasha
  1366 | D:4      | Reached skill level 1 in Dodging
  1366 | D:4      | Reached XP level 5. HP: 17/41 MP: 5/5
  1649 | D:4      | Noticed an ogre
  1682 | D:4      | Mangled by an ogre

Skill      XL: |  1  2  3  4  5 |
---------------+----------------+-----
Axes           | 2 3 |  3.4
Armour         | 3 |  3.1
Dodging        | 1 |  1.1
Shields        | 3 |  3.0
Fighting       | |  3.8

Action                   |  1- 3 |  4- 6 || total
-------------------------+-------+-------++-------
Melee: War axe           |   137 |    60 ||   197
Evoke: Wand              |       |     1 ||     1
Armor: Scale mail        |    60 |    17 ||    77
       Plate armour      |       |     4 ||     4
Dodge: Dodged            |    46 |    17 ||    63
Block: Shield            |    88 |    37 ||   125
